 Dungeon Crawl Stone Soup version 0.28.0-53-g5a82cb258f (webtiles) character file.

Game seed: 9627049150120599392

781 Woods the Magician (level 7, -1/36 HPs)
             Began as a Deep Elf Air Elementalist on May 24, 2022.
             Blown up by Eustachio (17 damage)
             ... with a mindburst bolt
             ... on level 5 of the Dungeon.
             The game lasted 00:17:56 (7916 turns).

Woods the Magician (Deep Elf Air Elementalist)      Turns: 7916, Time: 00:17:57

Health: -1/36      AC:  3    Str:  5    XL:     7   Next: 55%
Magic:  10/17      EV: 19    Int: 22    God:
Gold:   215        SH:  0    Dex: 21    Spells: 5/17 levels left

rFire   . . .      SeeInvis .   (no weapon)
rCold   . . .      Faith    .   (no shield)
rNeg    . . .      Spirit   .   a - +0 robe
rPois   .          Reflect  .   (no helmet)
rElec   .          Harm     .   c - +0 cloak
rCorr   .          Rampage  .   (no gloves)
Will    .....                   (no boots)
Stlth   +++.......              (no amulet)
HPRegen 0.12/turn               h - +6 ring of dexterity
MPRegen 0.15/turn               k - +4 ring of evasion

@: on blink cooldown
A: no striking features
a: no special abilities


You were on level 5 of the Dungeon.
You visited 2 branches of the dungeon, and saw 6 of its levels.

You collected 215 gold pieces.

Inventory:

Armour
 a - a +0 robe (worn)
 c - a +0 cloak (worn)
Jewellery
 g - an amulet of faith
 h - a +6 ring of dexterity (left hand)
 k - a +4 ring of evasion (right hand)
Scrolls
 b - a scroll of enchant weapon {unknown}
 d - 2 scrolls of noise {unknown}
 e - 2 scrolls of magic mapping {unknown}
 f - a scroll of identify {unknown}
 i - a scroll of immolation {unknown}
 j - a scroll of fear {unknown}
 l - 2 scrolls of teleportation {unknown}
 n - a scroll of summoning {unknown}
 o - a scroll of fog {unknown}
 r - a scroll of enchant armour {unknown}
Potions
 m - a potion of flight {unknown}
 p - 3 potions of lignification {unknown}
 q - a potion of might {unknown}


   Skills:
 + Level 4.9 Dodging
 - Level 5.0 Stealth
 + Level 5.5 Spellcasting
 - Level 4.0 Conjurations
 + Level 2.6 Translocations
 + Level 4.7 Air Magic


You had 5 spell levels left.
You knew the following spells:

 Your Spells              Type           Power      Damage    Failure   Level
a - Shock                 Conj/Air       100%       1d9       1%          1
b - Static Discharge      Conj/Air       25%        N/A       2%          2
c - Swiftness             Air            26%        N/A       4%          3
d - Blink                 Tloc           34%        N/A       4%          2
e - Airstrike             Air            13%        N/A       14%         4

Your spell library contained the following spells:

 Spells                   Type           Power      Damage    Failure   Level
 Sandblast                Erth           12%        2d6       10%         1
 Lesser Beckoning         Tloc           17%        N/A       10%         3
 Stone Arrow              Conj/Erth      28%        3d8       13%         3
 Passwall                 Tmut/Erth      5%         N/A       14%         2
 Sublimation of Blood     Necr           6%         N/A       14%         2
 Tukima's Dance           Hex            6%         N/A       28%         3
 Passage of Golubria      Tloc           17%        N/A       32%         4
 Manifold Assault         Tloc           17%        N/A       65%         5
 Petrify                  Tmut/Erth      6%         N/A       67%         4
 Irradiate                Conj/Tmut      7%         3d16      75%         5
 Yara's Violent Unravell  Hex/Tmut       3%         3d4       95%         5


Dungeon Overview and Level Annotations

Branches:
Dungeon (5/15)             Temple (1/1) D:5

Altars:
Elyvilon
Gozag
Hepliaklqana
Kikubaaqudgha
Qazlal
Wu Jian
Xom
Yredelemnul
Zin
The Shining One

Shops:
D:2 *:

Annotations:
D:2 Natasha
D:5 3 runed translucent doors, Eustachio


Message History

Things that are here:
a +0 chain mail; a +5 flail of venom
Found an escape hatch in the floor.
Eustachio shouts!
Eustachio casts a spell.
Eustachio blinks!
Eustachio casts a spell.
Eustachio zaps a wand.
You struggle to resist.
Casting: Shock (safe; 1% risk of failure)
Confirm with . or Enter, or press ? or * to list all spells.
The ufetubus is struck by an arc of lightning.
The ufetubus is severely wounded.
You are struck by an arc of lightning.
The ufetubus is struck by an arc of lightning!
You kill the ufetubus!
The ufetubus disappears in a puff of smoke!
The lightning grounds out.
Eustachio is struck by an arc of lightning!
Eustachio is lightly wounded.
You are struck by an arc of lightning.
The lightning grounds out.
Eustachio mumbles some strange words.
The iron imp closely misses you.
Casting: Static Discharge (safe; 2% risk of failure)
Confirm with . or Enter, or press ? or * to list all spells.
A blue arc grounds itself harmlessly.
Eustachio hits you with a +0 rapier!
Unknown command.
Casting: Static Discharge (safe; 2% risk of failure)
Confirm with . or Enter, or press ? or * to list all spells.
Some blue arcs ground themselves harmlessly.
The iron imp barely misses you.
Eustachio gestures wildly while chanting.
Eustachio blinks!
Unknown command.
Casting: Static Discharge (safe; 2% risk of failure)
Confirm with . or Enter, or press ? or * to list all spells.
You blink.
Eustachio zaps a wand.
Your mind is blasted!
Eustachio mumbles some strange words.
Eustachio asks, "How can you live without manners, virtues and honour?"
Eustachio zaps a wand.
Your mind is blasted!
You die...

#.##### #.# #.# #.#
##############.####
..................##
...........>.......##########
.........5...................
..........5b.@................
.........5..................[.
###............................[.
.................................
#.........@..................<..
#...............................
##...............................
................................#
###....... ...................#


You could see Eustachio, 2 iron imps, an ufetubus (summoned) and a bat
(summoned).

Vanquished Creatures
  Edmund (D:5)
  A phantom (D:4)
  2 scorpions
  A water moccasin skeleton (D:5)
  4 hounds
  2 orc priests
  2 iguanas
  An orc wizard (D:3)
  A hound skeleton (D:5)
  4 adders
  A shadow imp (D:4)
  A white imp (D:5)
  3 worms
  2 dart slugs (D:3)
  17 orcs
  11 ball pythons
  7 endoplasms
  A giant cockroach (D:3)
  3 goblins
  9 hobgoblins
  7 quokkas
  2 bats (D:3)
  3 frilled lizards
  2 kobolds (D:2)
  7 rats
95 creatures vanquished.

Vanquished Creatures (others)
  A demonic plant (D:1)
1 creature vanquished.

Grand Total: 96 creatures vanquished

Notes
Turn   | Place    | Note
-------+----------+-------------------------------------------
     0 | D:1      | Woods the Deep Elf Air Elementalist began the quest for the
                  | Orb.
     0 | D:1      | Reached XP level 1. HP: 10/10 MP: 6/6
   201 | D:1      | Found a faded altar of an unknown god.
   331 | D:1      | Reached XP level 2. HP: 15/15 MP: 4/8
   426 | D:1      | Learned a level 2 spell: Static Discharge
  1580 | D:2      | Reached XP level 3. HP: 9/19 MP: 6/10
  2066 | D:2      | Learned a level 3 spell: Swiftness
  2400 | D:2      | Found Calyron's Book Boutique.
  2775 | D:2      | Found Xeataped's General Store.
  2794 | D:2      | Noticed Natasha
  3843 | D:3      | Reached XP level 4. HP: 24/24 MP: 7/11
  5000 | D:3      | Reached XP level 5. HP: 28/28 MP: 7/13
  5225 | D:4      | Found a stormy altar of Qazlal.
  5354 | D:4      | Learned a level 2 spell: Blink
  5359 | D:4      | Learned a level 4 spell: Airstrike
  5604 | D:4      | Reached XP level 6. HP: 32/32 MP: 10/14
  5634 | D:4      | Reached skill level 1 in Translocations
  6004 | D:4      | Noticed a sky beast
  6420 | D:5      | Entered Level 5 of the Dungeon
  6425 | D:5      | Noticed Eustachio
  6427 | D:5      | Noticed Edmund
  6510 | D:5      | Found a runed translucent gate.
  6527 | D:5      | Found a runed translucent gate.
  6528 | D:5      | Found a runed translucent gate.
  6582 | D:5      | Reached skill level 5 in Spellcasting
  6671 | D:5      | Reached XP level 7. HP: 32/36 MP: 6/16
  6834 | D:5      | Reached skill level 5 in Stealth
  7108 | D:5      | Found a staircase to the Ecumenical Temple.
  7129 | Temple   | Entered the Ecumenical Temple
  7449 | D:5      | Killed Edmund
  7916 | D:5      | Blown up by Eustachio

Illustrated notes

Levels and vault maps discovered:
D:1:      kennysheep_arrival_forest, layout_basic, shapermc_ecumenical_altar_gd
D:2:      cheibrodos_helix_gallery, layout_basic, serial_shops, shop_fountains,
          shop, minmay_pentomino_s4, uniq_natasha
D:3:      layout_rooms
D:4:      layout_loops_ring, mainiacjoe_overflow_catwalk
D:5:      layout_basic, minitemple, minmay_temple_entry_arrows,
          gammafunk_ghost_icy, lightli_church_of_beogh, uniq_eustachio,
          uniq_edmund
Temple:   jpeg_temple_island

Skill      XL: |  1  2  3  4  5  6  7 |
---------------+----------------------+-----
Stealth        | 3 4 5 |  5.0
Dodging        | 3 4 |  4.9
Conjurations   | 2 3 4 |  4.0
Spellcasting   | 4 5 |  5.5
Air Magic      | 4 |  4.7
Translocations | 1 2 |  2.6

Action                   |  1- 3 |  4- 6 |  7- 9 || total
-------------------------+-------+-------+-------++-------
Melee: Unarmed           |       |     1 |       ||     1
 Cast: Shock             |    84 |   106 |    18 ||   208
       Static Discharge  |     6 |    27 |    20 ||    53
       Airstrike         |       |     1 |     1 ||     2
       Swiftness         |       |     1 |       ||     1
       Blink             |       |       |     2 ||     2
  Use: Potion            |     2 |       |       ||     2
       Scroll            |       |     1 |       ||     1
Armor: Robe              |     1 |     8 |       ||     9
Dodge: Dodged            |     8 |    16 |    16 ||    40
